[Event "FIDE Candidates Tournament 2022"]
[Site "Madrid"]
[Date "2022.06.19"]
[Round "3.4"]
[White "Firouzja, Alireza"]
[Black "Nakamura, Hikaru"]
[Result "1/2-1/2"]
[ECO "E36"]
[WhiteElo "2804"]
[BlackElo "2760"]
[Annotator "TA"]
[PlyCount "106"]
[EventDate "2022.06.17"]
[EventType "tourn"]
[EventCountry "ESP"]
[SourceTitle "playchess.com"]
[Source "ChessBase"]
[SourceQuality "1"]
[TimeControl "40/7200:20/3600:900+30"]

1. d4 Nf6 2. c4 e6 3. Nc3 Bb4 4. Qc2 O-O 5. a3 Bxc3+ 6. Qxc3 d5 7. Bg5 dxc4 {[%emt 0:00:36] E36: Nimzo-Indian: Classical: 4...d5 5 a3.} 8. Qxc4 b6 9. Rd1 Ba6 10. Qa4 h6 {[%emt 0:00:35] 10...h6 scores better than 10...Qd7.} 11. Bh4 Qe7 12. Nf3 Rd8 13. Qc2 c5 14. e4 Bxf1 15. Rxf1 {[%emt 0:00:32] Hoping for e5.} g5 {[%emt 0:06:20] [#]} 16. Nxg5 $146 ({Predecessor:} 16. Bg3 Nc6 17. dxc5 Rxd1+ 18. Kxd1 Rd8+ 19. Kc1 Nd4 20. Nxd4 Rxd4 21. Bd6 Qd7 22. Be5 Nxe4 23. Bxd4 Qxd4 {1-0 (51) Bach,N (2192)-Johnson,B (2061) Chess.com INT 2022}) 16... hxg5 17. Bxg5 {[%emt 0:00:07] Black must now prevent e5.} Nc6 ({Don't do} 17... Rxd4 18. e5) 18. Qc1 {[%emt 0:01:16] aiming for e5.} Rxd4 19. Rxd4 Nxd4 20. Qf4 Nc2+ 21. Kd1 Qd7+ 22. Kxc2 Qa4+ (22... Qb5 $2 23. Bxf6 $1 Qxf1 24. Qh4 Qc4+ 25. Kd2 Rd8+ 26. Bxd8 $18) 23. Kb1 Qxe4+ 24. Qxe4 Nxe4 $11 {[%emt 0:00:02][%mdl 4096] Endgame KRB-KRN} 25. Bf4 Nf6 26. h4 Nd5 27. Bd2 f5 28. g3 Kf7 29. f3 Rh8 30. Bg5 c4 31. g4 b5 32. Rd1 fxg4 33. fxg4 a5 34. h5 Rg8 35. Rf1+ Ke8 {[%emt 0:00:03] [#]} 36. h6 $1 Rf8 (36... Rxg5 $2 37. h7 Rxg4 38. h8=Q+ $18) 37. Rxf8+ (37. Rh1 $16) 37... Kxf8 $16 {[%emt 0:00:19] KB-KN} 38. Bd8 a4 39. g5 Kf7 $1 40. h7 Kg7 41. g6 {[%emt 0:02:22] Strongly threatening Ba5.} c3 $1 42. bxc3 Nxc3+ 43. Kc2 Nd5 44. Bg5 {[%emt 0:12:57] Threatens to win with Bc1.} e5 45. Kd2 Kh8 $1 46. Ke1 {[%emt 0:08:37] White wants to mate with Kf2.} b4 {[%emt 0:00:39] The position is equal.} 47. axb4 {[%emt 0:01:28] White threatens b5 and mate.} a3 48. Bc1 Nxb4 {[%emt 0:00:04] ( -> ...a2)} (48... a2 $2 49. Bb2 Kg7 50. Bxe5+ Kxg6 51. h8=Q $18) 49. Kd2 Nd5 $1 (49... a2 50. Bb2 Nc6 51. Kd3 Nb4+ 52. Ke4 Nc6 53. Kf5 Kg7 54. Ke6 Kxg6 55. h8=Q) 50. Bxa3 {[%emt 0:00:07] Intending Bb2 and mate.} Nf4 51. Bb2 (51. g7+ $5 Kxg7 52. Ke3 $11) 51... Nxg6 52. Bxe5+ Nxe5 53. Kc3 Kxh7 {[%emt 0:00:05] Weighted Error Value: White=0.04 (flawless) /Black=0.02 (flawless)} 1/2-1/2

[Event "FIDE Candidates Tournament 2022"]
[Site "Madrid"]
[Date "2022.06.22"]
[Round "5.3"]
[White "Firouzja, Alireza"]
[Black "Duda, Jan-Krzysztof"]
[Result "1/2-1/2"]
[ECO "C42"]
[WhiteElo "2804"]
[BlackElo "2750"]
[Annotator "TA"]
[PlyCount "72"]
[EventDate "2022.06.17"]
[EventType "tourn"]
[EventCountry "ESP"]
[SourceTitle "playchess.com"]
[Source "ChessBase"]
[SourceQuality "1"]
[TimeControl "40/7200:20/3600:900+30"]

1. e4 e5 2. Nf3 Nf6 3. Nxe5 d6 4. Nf3 Nxe4 5. d4 d5 6. Bd3 Bf5 7. O-O Be7 8. Re1 O-O 9. Nbd2 $1 {[%emt 0:02:21][%cal Rd2e4,Bb1d2,Bd2f1,Bf1g3][%mdl 4] is currently scoring better than 9.c4. C42: Petroff Defence: 3 Nxe5 and unusual White 3rd moves.} Nd6 $1 10. Nf1 c6 11. Ng3 Bxd3 12. Qxd3 Na6 13. Bd2 Nc7 14. b3 Re8 15. c4 Bf6 {[%emt 0:03:16] [#]} 16. Rad1 $146 ({Predecessor:} 16. Ba5 b6 17. Bc3 dxc4 18. bxc4 b5 19. Rxe8+ Ndxe8 20. cxb5 Nxb5 21. Rc1 Qd5 22. a4 Nxc3 23. Qxc3 {0-1 (45) Idani,P (2614)-Duda,J (2738) Krasnaya Polyana 2021}) 16... Rxe1+ 17. Rxe1 dxc4 18. bxc4 b5 19. cxb5 cxb5 20. Ba5 {[%emt 0:04:02] Ne4 is the strong threat.} Nc4 21. Bxc7 Qxc7 22. Ne4 Qd8 23. a4 a6 24. axb5 axb5 25. Nc3 Qd7 {[%emt 0:02:32] The position is equal.} ({Don't take} 25... Ra3 {[#]} 26. Qe2 $1 g6 27. Nxb5 $14) 26. Rb1 (26. Qe4 {is interesting.} Rf8 27. Nd5 Bd8 28. Ne5) 26... Nd6 27. Nxb5 Nxb5 28. Rxb5 Bxd4 $1 29. Nxd4 Ra1+ 30. Rb1 Qxd4 31. Qf1 Rxb1 32. Qxb1 {[%emt 0:00:05] [#] White wants to mate with Qb8+.} g6 33. g3 Qe5 34. Qc1 Qd4 35. Qb1 Qe5 36. Qc1 Qd4 {[%emt 0:00:04] Weighted Error Value: White=0.06 (flawless) /Black=0.04 (flawless)} 1/2-1/2

[Event "FIDE Candidates Tournament 2022"]
[Site "Madrid"]
[Date "2022.06.23"]
[Round "6.2"]
[White "Firouzja, Alireza"]
[Black "Caruana, Fabiano"]
[Result "0-1"]
[ECO "E06"]
[WhiteElo "2804"]
[BlackElo "2786"]
[Annotator "TA"]
[PlyCount "83"]
[EventDate "2022.06.17"]
[EventType "tourn"]
[EventCountry "ESP"]
[SourceTitle "playchess.com"]
[Source "ChessBase"]
[SourceQuality "1"]
[TimeControl "40/7200:20/3600:900+30"]

1. d4 Nf6 2. c4 e6 3. g3 d5 4. Bg2 Be7 5. Nf3 O-O 6. Qd3 {[%emt 0:00:58] E06: Closed Catalan: Early deviations.} c5 7. O-O cxd4 8. Nxd4 {[%emt 0:00:49] The position is equal.} Nc6 9. cxd5 {[%emt 0:12:11] [#]} Nxd4 $146 ({Predecessor:} 9... exd5 10. Nc3 h6 11. Rd1 Re8 12. a3 a6 13. Be3 Be6 14. Rac1 Ne5 15. Qc2 Rc8 {1-0 (28) Wagner,D (2584)-Gokerkan,C (2445) Terme Catez 2022}) 10. Qxd4 Nxd5 11. Rd1 Bf6 12. Qg4 Bd7 13. Nd2 Qe7 14. Nf3 Rac8 15. e4 {[%emt 0:06:23] [#] Threatens to win with e5.} e5 $1 16. Qh5 Nb4 17. Bg5 Bxg5 18. Nxg5 h6 19. Nf3 Nc6 20. Rxd7 Qxd7 $17 21. Bh3 f5 $1 22. exf5 ({Better is} 22. Bxf5 Qe8 23. Qg4) 22... Rce8 23. Nh4 e4 $1 24. Rd1 Qf7 25. Qe2 Qxa2 26. Ng6 Rf7 27. Nf4 (27. Qc2 $142) 27... Qb3 28. Bg4 e3 {[%emt 0:03:16] aiming for ...exf2+.} 29. Kg2 Rd8 $1 30. Rxd8+ Nxd8 31. fxe3 {[%emt 0:00:12] [#]} Rc7 $1 {[%emt 0:01:34] And now ...Rc2 would win.} 32. Kh3 {[%emt 0:00:19] [#]} (32. Qd1 {was necessary.} Qxb2+ 33. Kh3) 32... Nf7 $1 $19 33. Bf3 Rc2 34. Qd1 Ng5+ ({Stronger than} 34... Rxb2 35. Qd7 Qb5 36. Qe6 $11) 35. Kg4 {[%emt 0:00:06] Strongly threatening Bd5+.} Nxf3 (35... Qxb2 {gets mated.} 36. Qd8+ Kh7 37. Bd5 h5+ 38. Nxh5 Rd2 39. Qg8+ Kh6 40. Qh8+ Nh7 41. Bg8) 36. Qd8+ Kh7 {[%emt 0:00:07] ( -> ...Ne5+)} 37. Kxf3 (37. Ne6 Qc4+ 38. Kxf3 Qe2+ 39. Ke4 Rc4+ 40. Kd5 Qd3+ 41. Nd4) 37... Qxb2 38. Qe8 Qf6 {[%emt 0:02:03] Hoping for ...Qc6+.} 39. e4 (39. Qe4 $142 Rxh2 40. Nd5) 39... Rxh2 {[%emt 0:02:12] ...a5 is the strong threat. Black is clearly winning.} 40. Qd7 (40. Nd5 $142 Qa6 41. Kf4) 40... Qc3+ 41. Kg4 Qd2 42. Qa4 {[%emt 0:01:17] Weighted Error Value: White=0.45/Black=0.06 (flawless)} 0-1

[Event "FIDE Candidates Tournament 2022"]
[Site "Madrid"]
[Date "2022.06.27"]
[Round "9.1"]
[White "Firouzja, Alireza"]
[Black "Rapport, Richard"]
[Result "1-0"]
[ECO "C65"]
[WhiteElo "2804"]
[BlackElo "2776"]
[Annotator "TA"]
[PlyCount "81"]
[EventDate "2022.06.17"]
[EventType "tourn"]
[EventCountry "ESP"]
[SourceTitle "playchess.com"]
[Source "ChessBase"]
[SourceQuality "1"]
[TimeControl "40/7200:20/3600:900+30"]

1. e4 e5 2. Nf3 Nc6 3. Bb5 Nf6 4. d3 Bc5 5. O-O Nd4 6. Nxd4 Bxd4 7. c3 {[%emt 0:00:12] C65: Ruy Lopez: Berlin Defence (3...Nf6), unusual lines and 4 0-0 Bc5.} Bb6 8. Na3 {[%emt 0:01:27] Recently 8.Ba4 got a lot of attention.} c6 9. Ba4 {[%emt 0:00:26] The position is equal.} d6 10. Bb3 Qe7 11. Nc4 {[%emt 0:02:10] [#]} Bg4 $146 ({Predecessor:} 11... Bc7 12. f4 b5 13. fxe5 dxe5 14. Ne3 O-O 15. Nf5 Bxf5 16. Rxf5 h6 17. Qf3 Nh7 {0-1 (34) Karjakin,S (2754)-Vidit,S (2721) Moscow 2019}) 12. Qe1 Bc5 13. Kh1 a5 14. f4 a4 $1 15. Bc2 b5 16. fxe5 dxe5 {[%emt 0:00:35] [#]} 17. Nxe5 Qxe5 18. d4 Bxd4 19. cxd4 Qxd4 20. Be3 Qxb2 21. Qf2 {[%emt 0:02:44] aiming for Bd4.} Be6 22. Bd4 Qb4 {[%emt 0:00:38] Strongly threatening ...Ng4.} 23. Bc5 Qc3 24. Rac1 Rd8 {[%emt 0:14:25] Inhibits Bd6.} (24... Bxa2 $2 25. Bb1 Qe5 26. Bxa2 $18) 25. Bb1 Qe5 26. Qh4 Bc4 (26... Rd7 $15) 27. Rf5 $14 {[%emt 0:00:38][%mdl 1024] White has compensation.} Qb2 28. Rg1 {[%emt 0:01:44] Threatens to win with e5.} (28. Re1 $5 Be6 29. Qg3 $14) 28... Be6 (28... Bxa2 $2 29. Bxa2 Qc3 30. Qf4 Qxc5 31. Rxc5 $18) 29. Qg3 $1 {[%emt 0:03:52] Rf2 is the strong threat.} Nd7 {[%emt 0:03:19] [#]} (29... Bxf5 $2 30. exf5 Qd2 31. Re1+ Qxe1+ 32. Qxe1+ Kd7 33. Qg3 $18) 30. Bd6 $1 Qd4 (30... Bxf5 $2 31. exf5 Ra8 32. Rd1 $18) (30... g6 31. Rff1) 31. Rff1 h5 ({Black should try} 31... h6 $1 $14) 32. e5 $1 $40 {[%emt 0:00:37][%mdl 128] White wants a kill.} Qg4 {[%emt 0:00:29] [#]} (32... Nf8 {keeps fighting.} 33. Qxg7 Rxd6) 33. Qe3 $1 h4 $2 {[%emt 0:03:54] [#]} (33... Nf6) 34. h3 $1 Qh5 35. Be4 Qh6 36. Qf3 (36. Qxh6 Rxh6 37. Bxc6 Bc4 $16) 36... f6 37. Bxc6 {[%emt 0:00:51] Hoping for exf6.} Kf7 38. Bxb5 Qh5 39. Qe4 ({Not} 39. Bxa4 Qxf3 40. Rxf3 Nb6 $14) 39... Nxe5 40. Be2 {[%emt 0:00:00][%mdl 64] Zwischenzug. This bishop pair is nice.} ({Don't play} 40. Bxe5 Rd5 $18) 40... Qg5 41. Bxe5 {[%emt 0:06:48] Weighted Error Value: White=0.07 (flawless) /Black=0.27 (precise)} 1-0

[Event "FIDE Candidates Tournament 2022"]
[Site "Madrid"]
[Date "2022.06.30"]
[Round "11.2"]
[White "Firouzja, Alireza"]
[Black "Nepomniachtchi, Ian"]
[Result "0-1"]
[ECO "C42"]
[WhiteElo "2804"]
[BlackElo "2773"]
[Annotator "TA"]
[PlyCount "70"]
[EventDate "2022.06.17"]
[EventType "tourn"]
[EventCountry "ESP"]
[SourceTitle "playchess.com"]
[Source "ChessBase"]
[SourceQuality "1"]
[TimeControl "40/7200:20/3600:900+30"]

1. e4 e5 2. Nf3 Nf6 3. Nxe5 d6 4. Nf3 Nxe4 5. c4 Nc6 6. d3 {[%emt 0:00:05][%cal Bd2d3,Bd3d4,Bd4d5][%mdl 32] C42: Petroff Defence: 3 Nxe5 and unusual White 3rd moves.} Nf6 7. d4 Be7 8. d5 {[%emt 0:01:14] The position is equal.} Ne5 {[%emt 0:00:49] [#]} 9. Nd4 $146 ({Predecessor:} 9. Be2 Nxf3+ 10. Bxf3 h5 11. h3 Bf5 12. Nc3 Qd7 13. Be3 a6 14. a4 c5 15. dxc6 bxc6 {1-0 (38) Kosteniuk,A (2472)-Tan,Z (2511) Krasnaya Polyana 2021}) 9... O-O 10. Nc3 Bg4 11. f3 Bd7 12. Be2 c6 13. O-O cxd5 14. cxd5 Qb6 15. Kh1 Rac8 16. g4 (16. f4 $5 Ng6 17. a4 $11) 16... h6 17. h4 ({Better is} 17. a4 $15) 17... Rfe8 $17 18. g5 hxg5 19. hxg5 Nh5 {[%emt 0:00:10] Black is more active.} 20. Kg2 {[%emt 0:07:55] Against Ng3} (20. Ne4 $17) 20... Ng6 $19 21. f4 {[%emt 0:02:36] [#]} Nhxf4+ 22. Bxf4 Qxb2 23. Ne4 Rc4 (23... Bd8 $1 $19 24. Qd2 (24. Nxd6 $2 Rxe2+ 25. Qxe2 Qxd4 $19) 24... Qxd2 25. Nxd2 Nxf4+ 26. Rxf4 Bxg5) 24. Be3 $17 {[%emt 0:00:30] [#]} Bxg5 $1 25. Rb1 {[%emt 0:02:28] [#]} Qxa2 26. Ra1 ({Don't go for} 26. Nxg5 $2 Rxe3 27. Rxb7 (27. Kh1 $2 Rxd4 28. Qxd4 Qxe2 $19) 27... Rxd4 $1 28. Rb8+ (28. Qxd4 $2 Rxe2+ 29. Rf2 Rxf2+ 30. Qxf2 Qxd5+ 31. Kf1 Bb5+ 32. Rxb5 Qxb5+ $19) 28... Nf8 29. Qxd4 Rxe2+ 30. Rf2 Rxf2+ 31. Qxf2 Qxd5+ 32. Nf3 Bc6 $19) 26... Rxd4 $1 {[%emt 0:03:11] The board is on fire.} 27. Rxa2 Rxd1 28. Bxd1 Bxe3 29. Nxd6 {[%emt 0:00:06] [#]} Re7 {[%emt 0:02:41] White must now prevent ...Bf4.} 30. Bb3 $2 {[%emt 0:04:54] This move loses the game for White.} ({Wrong is} 30. Nf5 $2 Bxf5 31. Bc2 Bd7 32. Bxg6 fxg6 $19) (30. Re2 $17 {is a better defense.}) 30... Bc5 $19 31. Nxb7 Bb6 {[%emt 0:00:41] aiming for ...Re3. A strong pair of Bishops.} 32. Bc4 Re3 {[%emt 0:01:06] Threatens to win with ...Bh3+.} 33. Kh1 Bh3 (33... Rc3 $142 34. Ba6 Bg4) 34. Rc1 (34. Rb1) 34... Bf5 {[%emt 0:01:36] ( -> ...Rh3+)} 35. Bf1 {[%emt 0:00:06] Against Rh3+} Be4+ {[%emt 0:00:22] Weighted Error Value: White=0.41/Black=0.08 (flawless)} 0-1

[Event "FIDE Candidates Tournament 2022"]
[Site "Madrid"]
[Date "2022.07.03"]
[Round "13.3"]
[White "Firouzja, Alireza"]
[Black "Ding, Liren"]
[Result "1/2-1/2"]
[ECO "C47"]
[WhiteElo "2804"]
[BlackElo "2806"]
[Annotator "TA"]
[PlyCount "84"]
[EventDate "2022.06.17"]
[EventType "tourn"]
[EventCountry "ESP"]
[SourceTitle "playchess.com"]
[Source "ChessBase"]
[SourceQuality "1"]
[TimeControl "40/7200:20/3600:900+30"]

1. e4 e5 2. Nf3 Nc6 3. Nc3 Nf6 4. d4 exd4 5. Nxd4 Bb4 6. Nxc6 bxc6 7. Bd3 d5 8. exd5 O-O 9. O-O cxd5 10. Bg5 c6 11. Qf3 Bd6 {[%emt 0:00:35] 11...h6 is a critical line.} 12. Rae1 Rb8 13. Nd1 h6 {[%emt 0:00:03] C47: Scotch Four Knights and Four Knights with 4 g3.} 14. Bxf6 Qxf6 15. Qxf6 gxf6 16. b3 Kg7 17. Ne3 Re8 18. Nf5+ Bxf5 19. Bxf5 Re5 {[%emt 0:00:04] [#]} 20. Bg4 $146 ({Predecessor:} 20. Bd7 Rb6 21. g3 Bb4 22. Rd1 Re2 23. Bf5 Re5 24. Bd3 c5 25. f4 Re3 26. Kg2 {½-½ (43) Rapport,R (2726)-Ding,L (2809) Shenzhen 2019}) 20... h5 {[%emt 0:06:38] The position is equal.} 21. Rxe5 fxe5 22. Bxh5 $11 {[%emt 0:01:33][%mdl 4096] Endgame KRB-KRB} f5 23. g3 e4 24. Be2 Kf6 25. f4 a5 26. a4 Rg8 27. Kg2 Ke6 28. h3 Be7 29. g4 Bh4 30. g5 Kd6 31. Rb1 Rb8 32. c3 c5 33. Bb5 d4 34. Rd1 d3 35. Bxd3 $1 exd3 36. Rxd3+ {[%emt 0:00:04] KRB-KR} Ke6 37. c4 Kf7 38. Rd5 Kg6 39. Rxc5 Rxb3 40. Rc6+ Kg7 41. Rc7+ Kg6 42. Rc6+ Kg7 {[%emt 0:00:01] An interesting draw.  Weighted Error Value: White=0.01 (flawless) /Black=0.02 (flawless)} 1/2-1/2